Map: Tourmaline LE

Players

kjpeans

  • Race: Terran Terran
  • League: Master
  • Spawn Location: 1:00

ICE - Winner!

  • Race: Protoss Protoss
  • Spawn Location: 7:00

VOD

Have the link to the VOD?

Description

Time

  • Played on: Jan. 27, 2026, 11:36 a.m.
  • Length: 12:02
Show
View Real Time Build Order
Export as new Build Order

kjpeans Terran 

Build Orders: Reaper Expand 

Get SALT Encoding   

  12  0:00  SCV  
  13  0:12  SCV  
  14  0:20  Supply Depot  
  14  0:28  SCV  
  15  0:41  SCV  
  16  0:43  Barracks  
  16  0:46  Refinery  
  16  0:53  SCV  
  17  1:05  SCV  
  18  1:17  SCV  
  19  1:31  Reaper, Orbital Command  
  20  1:52  Command Center  
  20  1:56  Bunker  
  20  2:00  SCV  
  21  2:09  Factory  
  21  2:14  Supply Depot  
  21  2:17  SCV  
  21  2:22  Refinery  
  22  2:29  Barracks Reactor  
  22  2:34  SCV  
  22  2:46  SCV  
  23  2:58  Factory Tech Lab, SCV  
  24  3:01  Bunker  
  24  3:06  Orbital Command  
  24  3:08  Marine x2  
  24  3:10  SCV  
  30  3:22  SCV  
  30  3:25  Marine  
  30  3:26  Marine  
  33  3:31  Orbital Command  
  33  3:34  SCV  
  33  3:37  Supply Depot  
  30  3:41  Cyclone  
  30  3:43  Marine x2  
  30  3:46  SCV  
  36  3:57  SCV  
  36  3:58  Engineering Bay, SCV  
  38  4:08  Marine x2  
  38  4:09  SCV  
  41  4:10  SCV  
  41  4:13  Starport  
  41  4:14  Siege Tank  
  45  4:21  SCV  
  45  4:23  SCV  
  47  4:26  Marine x2  
  47  4:30  Supply Depot  
  49  4:33  SCV  
  50  4:42  SCV  
  48  4:45  SCV  
  49  4:56  Viking  
  49  4:57  Siege Tank  
  49  4:59  Marine x2  
  56  5:02  SCV x2  
  58  5:09  Engineering Bay  
  58  5:14  SCV x2  
  60  5:22  Marine x2, Supply Depot  
  60  5:26  Barracks  
  62  5:30  Barracks  
  62  5:36  Supply Depot  
  62  5:41  Starport Tech Lab  
  62  5:44  SCV x2, Siege Tank  
  62  5:48  Marine x2, Missile Turret  
  69  5:51  Supply Depot  
  69  5:56  SCV  
  70  5:58  SCV  
  70  6:02  Command Center  
  71  6:08  SCV  
  71  6:10  SCV  
  73  6:12  Refinery  
  73  6:22  SCV  
  73  6:23  SCV  
  73  6:26  Marine x2  
  73  6:27  Marine  
  73  6:28  Starport Reactor, Combat Shield  
  73  6:31  Factory Reactor  
  76  6:34  Stimpack  
  76  6:36  Terran Infantry Weapons Level 1, Terran Infantry Armor Level 1, SCV x2  
  78  6:43  Refinery  
  78  6:45  Marine  
  78  6:46  Marine  
  80  6:48  SCV  
  80  6:52  Marine  
  80  6:53  Marine  
  83  6:54  Missile Turret  
  83  6:55  SCV  
  83  7:00  SCV  
  85  7:03  Marine  
  86  7:09  Missile Turret  
  86  7:13  Marine x2  
  86  7:14  SCV, Medivac x2  
  86  7:15  Marine  
  94  7:19  Orbital Command  
  94  7:20  SCV  
  94  7:21  Marine  
  95  7:26  SCV  
  95  7:27  Widow Mine x2  
  100  7:31  Marine  
  100  7:33  Supply Depot  
  100  7:34  Supply Depot  
  101  7:46  Supply Depot  
  101  7:50  Orbital Command  
  101  7:54  Marine, SCV x2  
  101  7:55  Marauder x2  
  108  7:59  Widow Mine x2, Medivac x2  
  116  8:07  SCV x2, Armory  
  118  8:17  Barracks, Marauder  
  118  8:18  Marauder, Concussive Shells, Barracks  
  118  8:19  Marine x2, SCV  
  125  8:24  Supply Depot  
  125  8:31  SCV  
  126  8:36  Marine  
  126  8:37  Marine, Supply Depot  
  126  8:38  Marine  
  126  8:41  Marine  
  106  8:52  Medivac x2  
  106  8:54  SCV x2, Marine x2  
  108  8:56  Marine  
  108  8:59  Marauder  
  108  9:01  Bunker  
  108  9:02  Terran Infantry Weapons Level 2, Terran Infantry Armor Level 2  
  111  9:04  Supply Depot  
  111  9:11  Barracks Reactor  
  111  9:12  Barracks Tech Lab, Marine x2  
  111  9:14  Marauder  
  115  9:18  SCV x2  
  115  9:19  Missile Turret  
  115  9:20  Missile Turret x2  
  115  9:21  Marauder, Refinery  
  115  9:24  Widow Mine x2  
  123  9:30  Medivac  
  123  9:31  Medivac  
  126  9:36  Marauder  
  120  9:41  Marine  
  120  9:42  Marine x2, Marauder  
  117  9:49  SCV x2  
  117  9:52  Supply Depot x2  
  119  9:56  Marine  
  119  9:57  Marauder  
  119  9:58  Widow Mine x2  
  126  10:01  Medivac  
  126  10:02  Medivac  
  126  10:03  Marauder x2, Marine x2  
  136  10:15  Ghost Academy  
  136  10:19  Marauder, Widow Mine x2, Marine x2  
  134  10:24  Marauder  
  134  10:25  Marauder  
  138  10:35  Command Center  
  138  10:36  Viking x2, Marine  
  138  10:39  SCV x2  
  138  10:40  Marauder  
  138  10:41  Missile Turret  
  147  10:44  Refinery  
  147  10:45  Marauder, SCV  
  147  10:46  Ghost  
  147  10:48  Marine  
  147  10:49  Marine x2  
  155  10:59  Marine  
  155  11:00  Barracks x2, Widow Mine  
  155  11:01  Widow Mine, Marauder  
  155  11:03  Barracks  
  159  11:15  Ghost x2  
  163  11:19  Command Center  
  150  11:26  Marine  
  150  11:27  Marauder  
  129  11:37  Marine  
  111  11:41  Marine x2  
Show
View Real Time Build Order
Export as new Build Order

ICE Protoss - Winner!

Build Orders: Oracle Opening, Zealot Archon 

Get SALT Encoding   

  1  0:00  Probe  
  12  0:04  Probe  
  14  0:14  Probe  
  15  0:21  Pylon  
  15  0:39  Probe, Gateway  
  16  0:45  Assimilator  
  16  0:50  Assimilator  
  16  0:51  Probe  
  17  1:00  Probe  
  17  1:03  Pylon  
  18  1:08  Probe  
  18  1:17  Probe  
  20  1:26  Cybernetics Core  
  20  1:29  Probe  
  21  1:34  Zealot  
  23  1:42  Probe  
  24  1:47  Pylon  
  24  1:52  Stalker  
  24  1:54  Probe  
  25  2:06  Probe  
  28  2:18  Probe  
  28  2:19  Sentry  
  31  2:24  Twilight Council  
  31  2:30  Probe  
  31  2:34  Stargate, Warp Gate  
  32  2:42  Probe  
  33  2:53  Zealot  
  33  2:54  Probe  
  36  3:00  Charge  
  36  3:05  Pylon  
  36  3:06  Probe  
  37  3:13  Oracle  
  37  3:18  Probe  
  41  3:27  Stalker  
  41  3:30  Probe  
  44  3:43  Probe  
  45  3:55  Probe  
  46  3:57  Nexus  
  46  4:00  Pylon  
  46  4:07  Probe  
  47  4:19  Probe  
  49  4:31  Probe  
  49  4:43  Probe  
  50  4:55  Probe  
  50  4:57  Zealot  
  53  5:01  Forge  
  53  5:04  Gateway  
  53  5:06  Gateway  
  53  5:07  Protoss Ground Weapons Level 1, Probe  
  53  5:09  Gateway  
  53  5:12  Probe, Gateway  
  55  5:16  Gateway  
  55  5:19  Probe  
  56  5:24  Probe  
  57  5:31  Probe  
  57  5:35  Phoenix, Zealot  
  58  5:36  Probe  
  61  5:44  Probe  
  61  5:48  Probe  
  65  5:50  Nexus  
  65  5:52  Pylon  
  65  5:56  Probe  
  66  5:58  Phoenix  
  66  6:00  Probe  
  69  6:08  Probe  
  70  6:12  Probe  
  70  6:17  Assimilator  
  71  6:19  Assimilator  
  71  6:20  Probe  
  71  6:24  Probe  
  73  6:29  Templar Archives  
  73  6:31  Zealot x2  
  77  6:36  Robotics Facility  
  77  6:38  Probe  
  77  6:39  Pylon  
  78  6:43  Pylon  
  78  6:54  Pylon  
  78  6:55  Pylon  
  78  6:57  Probe x2, Pylon  
  78  7:00  Pylon, Zealot  
  78  7:01  Zealot  
  84  7:07  High Templar  
  86  7:08  High Templar  
  86  7:09  Probe x2  
  86  7:10  High Templar x2  
  86  7:11  Probe  
  95  7:21  Probe x2  
  97  7:23  Probe  
  97  7:24  Observer  
  97  7:25  Archon  
  97  7:26  Archon  
  97  7:27  Zealot x2  
  103  7:30  Gateway  
  103  7:32  Protoss Ground Weapons Level 2  
  103  7:33  Gateway  
  103  7:42  Zealot  
  103  7:43  Zealot x3  
  111  7:45  Probe x3  
  114  7:58  High Templar x2  
  116  7:59  Probe  
  116  8:02  Pylon  
  116  8:04  Probe x2  
  121  8:07  Pylon  
  121  8:10  Zealot x3  
  121  8:11  Zealot  
  129  8:20  Probe  
  130  8:27  High Templar x2  
  130  8:31  Zealot x4  
  130  8:32  Zealot x2  
  146  8:36  Pylon  
  109  8:48  Archon x2  
  109  8:53  Zealot x3  
  109  8:54  Zealot x3  
  109  8:57  Gateway  
  109  8:59  Gateway  
  109  9:01  Gateway  
  109  9:05  Zealot  
  109  9:06  Zealot  
  113  9:14  High Templar x2  
  113  9:15  High Templar x2  
  113  9:16  Zealot x2  
  125  9:19  Archon  
  125  9:20  Archon  
  124  9:32  Stalker x2  
  124  9:37  Stalker x2  
  124  9:52  Zealot x4  
  130  9:53  Zealot  
  130  9:59  Nexus  
  134  10:02  Pylon  
  134  10:04  Phoenix  
  136  10:09  Probe x2  
  136  10:11  Probe  
  139  10:20  Zealot  
  139  10:21  Zealot x4, Probe  
  145  10:22  Zealot x4  
  145  10:23  Zealot x2  
  145  10:27  Pylon  
  145  10:28  Probe, Pylon  
  163  10:29  Phoenix  
  163  10:30  Pylon  
  165  10:37  Pylon  
  165  10:45  Zealot x4  
  165  10:47  High Templar x2  
  165  10:48  Zealot x3  
  165  10:49  Sentry, Zealot  
  187  10:57  Pylon  
  187  10:59  Pylon  
  179  11:16  Zealot x5  
  179  11:17  Zealot x3  
  183  11:21  Archon  
  173  11:31  Zealot x2  
  173  11:32  Zealot  
  131  11:42  Zealot x5  
  131  11:43  Zealot x3  
  120  11:54  Zealot x3  
Tags
 
Add a new tag
Caveats
  • Supply blocks, unpowered buildings, or Contaminate may cause inaccurate times.
  • Supply counts are checked every 10 seconds.